AoeStats
← Cortacuellos

Arena

505756575Analyzed
1v1 RM · 22d ago on Sep 10, 2026· 54m 18s· 2 players
Game mode
Random Map
Map size
Tiny (2 player)
Population
200
Speed
Normal
Resources
Standard
Victory
Conquest
Starting age
Dark Age
Ending age
Imperial Age
RankedLock teamsTeams togetherTeam positionsShared explorationLock speedFull tech treeHidden civsTurbo modeCheats
Victory
Defeat
🇺🇸 Bohemians · United States
411
+17
🇪🇸 Poles · Spain
434
-17
N00BN00B
11:25 Feudal Age
12:54 Wheelbarrow
12:04 Horse Collar
12:13 Double-Bit Axe
22:31 Castle Age
21:03 Scale Mail Armor
23:39 Hand Cart
23:30 Heavy Plow
23:43 Bow Saw
22:57 Pikeman
30:29 Chemistry
29:49 Ballistics
30:42 Wagenburg Tactics
33:17 Imperial Age
34:39 Town Watch
38:38 Houfnice
40:51 Town Patrol
41:17 Elite Hussite Wagon
42:19 Halberdier
43:20 Chain Mail Armor
42:58 Fletching
Cortacuellos
10:36 Feudal Age
11:23 Horse Collar
11:32 Double-Bit Axe
12:30 Wheelbarrow
17:30 Gold Mining
17:31 Stone Mining
19:57 Padded Archer Armor
19:48 Fletching
19:50 Man-at-Arms
24:07 Castle Age
23:47 Scale Mail Armor
24:13 Bloodlines
24:29 Scale Barding Armor
25:39 Stone Shaft Mining
25:19 Bow Saw
25:08 Long Swordsman
26:35 Husbandry
27:00 Crossbowman
30:35 Hand Cart
31:12 Leather Archer Armor
30:53 Bodkin Arrow
31:19 Chain Barding Armor
31:41 Squires
33:19 Thumb Ring
32:57 Pikeman
34:31 Guard Tower
37:39 Imperial Age
37:26 Ballistics
37:18 Fortified Wall
37:06 Murder Holes
37:31 Chain Mail Armor
37:53 Cavalier
40:29 Heavy Plow
41:56 Chemistry
41:39 Two-Handed Swordsman
42:45 Arbalester
44:05 Forging
45:48 Champion
Connection lost

Rejoining the realm…

Still unreachable

The connection could not be restored.

Session expired

The server has moved on; the page needs a fresh start.